 Dungeon Crawl Stone Soup version 0.31.0-32-g396128a36d (webtiles) character file.

Game seed: 1288118708965197040

2474 AdnanSaban the Basher (level 9, -2/55 HPs)
             Began as a Gargoyle Fighter on Apr 11, 2024.
             Was a Follower of Okawaru.
             Killed from afar by an orc wizard (3 damage)
             ... with a magic dart
             ... on level 10 of the Dungeon.
             The game lasted 00:12:58 (7899 turns).

AdnanSaban the Basher (Gargoyle Fighter)            Turns: 7899, Time: 00:12:58

Health: -2/55      AC: 21    Str: 24    XL:     9   Next: 51%
Magic:  7/9        EV:  9    Int:  9    God:    Okawaru [*.....]
Gold:   412        SH: 11    Dex:  9    Spells: 8/8 levels left

rFire   . . .        z - +3 flail
rCold   . . .        c - +0 buckler
rNeg    + . .        L - +0 plate armour
rPois   ∞            (no helmet)
rElec   +            (no cloak)
rCorr   .            (no gloves)
SInv    .            (no boots)
Will    +....        J - amulet of reflection Stlth
                     D - ring of flight
HPRegen 0.29/turn    I - ring of willpower
MPRegen 0.11/turn

%: reflection
@: heroic, flying
A: sickness immunity, AC +6, negative energy resistance 1, electricity
resistance, torment resistance 1, petrification resistance
a: Renounce Religion, Heroism


You were on level 10 of the Dungeon.
You worshipped Okawaru.
Okawaru was aware of your devotion.
You visited 2 branches of the dungeon, and saw 9 of its levels.
You also visited: Sewer.

You collected 412 gold pieces.

Inventory:

Hand Weapons
 z - a +3 flail (weapon)
Missiles
 b - 6 boomerangs
 o - 13 poisoned darts (quivered)
 C - a curare-tipped dart
Armour
 c - a +0 buckler (worn)
 L - a +0 plate armour (worn)
Jewellery
 i - a ring of ice
 k - a ring of fire
 D - a ring of flight (left hand)
 I - a ring of willpower (right hand)
 J - an amulet of reflection (around neck)
Wands
 l - a wand of iceblast (4)
 r - a wand of charming (10)
 K - a wand of acid (10)
Scrolls
 e - a scroll of immolation {unknown}
 f - a scroll of poison {unknown}
 g - 8 scrolls of teleportation {unknown}
 m - 5 scrolls of identify {unknown}
 n - a scroll of enchant armour {unknown}
 p - 4 scrolls of enchant weapon {unknown}
 q - 2 scrolls of noise {unknown}
 s - 3 scrolls of blinking {unknown}
 t - a scroll of butterflies {unknown}
 y - 2 scrolls of fog {unknown}
 E - 2 scrolls of revelation {unknown}
 G - a scroll of vulnerability {unknown}
Potions
 d - 4 potions of might
 h - 6 potions of curing {unknown}
 j - a potion of enlightenment {unknown}
 u - 2 potions of berserk rage {unknown}
 v - a potion of experience {unknown}
 w - 3 potions of mutation {unknown}
 x - 2 potions of resistance {unknown}
 A - 2 potions of brilliance {unknown}
 B - a potion of heal wounds {unknown}
 F - 3 potions of lignification {unknown}
 H - 2 potions of attraction {unknown}


   Skills:
 + Level 6.2(11.2) Fighting
 + Level 8.2(13.2) Maces & Flails
 + Level 2.1(7.1) Throwing
 + Level 7.0(12.0) Armour
 + Level 2.0(7.0) Dodging
 + Level 0.2(5.2) Stealth
 + Level 6.2(11.2) Shields


You had 8 spell levels left.
You didn't know any spells.
Your spell library contained the following spells:

 Spells                   Type           Power      Damage    Failure   Level
 Magic Dart               Conj           0%         1d3       99%         1
 Jinxbite                 Hex            0%         N/A       100%        2
 Searing Ray              Conj           0%         2d4       100%        2
 Static Discharge         Conj/Air       0%         3-3/arc   100%        2
 Airstrike                Air            0%         2d(0-16)  100%        4
 Dispel Undead            Necr           0%         3d6       100%        4
 Fulminant Prism          Conj/Alch      0%         3d5       100%        4
 Yara's Violent Unravell  Hex/Alch       0%         3d3       100%        5
 Enfeeble                 Hex            0%         N/A       100%        7
 Cigotuvi's Dreadful Rot  Necr/Alch/Air  Unusable   N/A       N/A         2
 Martyr's Knell           Necr/Summ      Unusable   N/A       N/A         4
 Summon Lightning Spire   Summ/Air       Unusable   N/A       N/A         4
 Death Channel            Necr           Unusable   N/A       N/A         6

Dungeon Overview and Level Annotations

Branches:
Dungeon (7/15)             Temple (1/1) D:6           Sewer (visited)

Altars:
Ashenzari
Cheibriados
Dithmenos
Elyvilon
Fedhas
Gozag
Hepliaklqana
Kikubaaqudgha
Makhleb
Okawaru
Qazlal
Ru
Sif Muna
Trog
Uskayaw
Vehumet
Wu Jian
Xom
Yredelemnul

Shops:
D:4 :

Annotations:
D:10 Grum


Innate Abilities, Weirdness & Mutations

You are immune to sickness and miasma.
Your stone body is resilient. (AC +6)
You are immune to poison.
You resist negative energy. (rN+)
You are resistant to electric shocks. (rElec)
You are resistant to unholy torment.
You are immune to petrification.


Message History

The orc warrior is almost dead.
You block the wolf's attack. The orc hits you but does no damage.
Something hits you but does no damage.
Grum hits you from afar with a +0 halberd!
You block the orc's attack.
The orc warrior hits you but does no damage.
The wolf bites you but does no damage. The wolf barely misses you.
You gain the combat prowess of a mighty hero.
You block the wolf's attack. The wolf bites you but does no damage.
You block the orc's attack. Something hits you.
The orc hits you but does no damage.
Grum hits you from afar with a +0 halberd.
The orc warrior barely misses you. The wolf barely misses you.
Okay, then.
You hit the orc warrior.
You kill the orc warrior!
Okawaru accepts your kill.
The wolf bites you but does no damage. x2; The orc hits you but does no damage. x2
Something hits you but does no damage. Grum barely misses you.
You block the wolf's attack.
Your base Armour skill increases to level 7!
The wolf attacks as it pursues you! The wolf bites you but does no damage.
The orc hits you but does no damage. Something hits you but does no damage.
You block the wolf's attack.
Items here: $ ( ) [.
You hit the orc.
The orc is lightly wounded.
You block the wolf's attack. The wolf bites you but does no damage.
The wolf closely misses you. The orc hits you but does no damage.
You block Grum's attack. Something hits you but does no damage.
You barely miss the orc. The wolf bites you but does no damage.
The wolf barely misses you.
You completely miss the orc. You block the wolf's attack. The wolf bites you.
You block the orc's attack. Something hits you but does no damage.
Grum hits you from afar with a +0 halberd!
* * * LOW HITPOINT WARNING * * *
You block the wolf's attack. You block the orc's attack.
A magic dart appears from out of thin air!
The magic dart hits you.
You die...

#.....# #.....#
#..((.# #.....#
#...).+ #..hg.#
#.{oo## #...h#
#...@## #.....#
#.....#
###.....#
####.......#
...........#
...........#####
...............#
...............+


You could see Grum, 2 wolves and 2 orcs.

Vanquished Creatures
  Eustachio (D:3)
  A steam dragon (D:6)
  A sky beast (D:7)
  2 orc warriors
  A black bear (D:4)
  4 ogres
  A centaur (D:7)
  A phantom (D:4)
  2 kobold brigands
  2 bullfrogs (D:7)
  Blork the orc (D:5)
  A scorpion (D:7)
  4 wights
  A jelly (D:6)
  5 orc priests
  4 iguanas
  5 orc wizards
  Ijyb (D:2)
  11 adders
  4 gnolls
  3 shadow imps
  A white imp (D:7)
  2 ufetubi (D:6)
  6 dart slugs
  3 ribbon worms
  29 orcs
  13 ball pythons
  9 bats
  16 endoplasms
  6 giant cockroaches
  14 goblins
  7 hobgoblins
  3 jackals (D:4)
  6 quokkas
  5 frilled lizards
  12 kobolds
  13 rats
201 creatures vanquished.

Notes
Turn   | Place    | Note
-------+----------+-------------------------------------------
     0 | D:1      | AdnanSaban the Gargoyle Fighter began the quest for the
                  | Orb.
     0 | D:1      | Reached XP level 1. HP: 14/14 MP: 1/1
    51 | D:1      | Reached XP level 2. HP: 10/19 MP: 2/2
   387 | D:1      | Reached XP level 3. HP: 19/23 MP: 3/3
   848 | D:2      | Reached XP level 4. HP: 29/29 MP: 4/4
   871 | D:2      | Noticed Ijyb
   881 | D:2      | Killed Ijyb
   882 | D:2      | Reached skill level 3 in Maces & Flails
  1759 | D:3      | Reached XP level 5. HP: 30/33 MP: 5/5
  2892 | D:3      | Reached skill level 4 in Maces & Flails
  2901 | D:3      | Reached XP level 6. HP: 28/38 MP: 6/6
  2920 | D:4      | Found a glowing drain.
  2950 | Sewer    | Entered a sewer
  3474 | D:4      | Noticed a black bear
  3484 | D:4      | Killed a black bear
  3755 | D:3      | Reached skill level 5 in Maces & Flails
  3755 | D:3      | Reached XP level 7. HP: 38/44 MP: 7/7
  3981 | D:4      | Noticed Eustachio
  4028 | D:3      | Killed Eustachio
  4029 | D:3      | Reached skill level 5 in Armour
  4029 | D:3      | Reached skill level 1 in Dodging
  4176 | D:4      | Found Wuclah's Book Shoppe.
  4213 | D:4      | Reached skill level 5 in Fighting
  4647 | D:5      | Entered Level 5 of the Dungeon
  4756 | D:4      | Reached skill level 6 in Maces & Flails
  4756 | D:4      | Reached XP level 8. HP: 49/49 MP: 8/8
  5689 | D:5      | Reached skill level 1 in Throwing
  5708 | D:5      | Noticed Blork the orc
  5714 | D:5      | Killed Blork the orc
  5968 | D:6      | Found a staircase to the Ecumenical Temple.
  5983 | Temple   | Entered the Ecumenical Temple
  5983 | Temple   | Noticed a sixfirhy
  5983 | Temple   | Noticed an ice devil
  5983 | Temple   | Noticed a green death
  5984 | Temple   | Noticed Uhyw the pandemonium lord
  5984 | Temple   | Noticed Ulah the pandemonium lord
  5986 | Temple   | Noticed a hellion
  5987 | Temple   | Noticed Lufoh the pandemonium lord
  5987 | Temple   | Noticed a Hell Sentinel
  6000 | Temple   | Became a worshipper of Warmaster Okawaru
  6013 | Temple   | Noticed Zoanky the pandemonium lord
  6036 | D:6      | Found a stormy altar of Qazlal.
  6907 | D:6      | Reached skill level 7 in Maces & Flails
  6907 | D:6      | Reached skill level 5 in Shields
  7020 | D:6      | Reached * piety under Okawaru
  7021 | D:6      | Reached XP level 9. HP: 35/55 MP: 9/9
  7711 | D:7      | Reached skill level 8 in Maces & Flails
  7848 | D:7      | You are sucked into a shaft and drop 3 floors!
  7848 | D:10     | Entered Level 10 of the Dungeon
  7883 | D:10     | Noticed Grum
  7897 | D:10     | HP: 1/55 [Grum/+0 halberd (17)]
  7899 | D:10     | Killed from afar by an orc wizard

Illustrated notes

Levels and vault maps discovered:
D:1:      reono_arrival_forest_river, layout_basic,
          nicolae_kite_square_tiling_tiny, minmay_surrounded
D:2:      kennysheep_the_goblin_king, layout_rooms, serial_forest,
          infiniplex_forest_side_room, infiniplex_forest_straight_3,
          infiniplex_forest_3_way, infiniplex_forest_lined_corner,
          infiniplex_forest_clump_cross, infiniplex_forest_lined_room_2
D:3:      minmay_thinvault, layout_basic, hangedman_decor_lopped
D:4:      layout_basic, portal_sewer_entry_a, serial_shops,
          nicolae_shop_just_a_little_nook, minmay_pentangle, uniq_eustachio
D:5:      layout_loops_cross, nicolae_overflow_hidden_temple,
          uniq_blork_the_orc, uniq_ijyb
D:6:      layout_loops_corners, nicolae_qazlal_general_emergency,
          minmay_temple_entry_butterflies
D:7:      layout_cave_pods, zin_treasury, nemelex_diamond_rough_becter,
          serial_park, serial_park_tiny_pond, serial_park_square1
          [serial_park_minivault_5x5_5], serial_park_tiny_pond,
          serial_park_tiny_1, serial_park_square3 [serial_park_minivault_5x5_6]
D:10:     layout_irregular_city, grunt_decor_arrowhead, uniq_grum
Temple:   nicolae_temple_panitentiary

Skill      XL: |  1  2  3  4  5  6  7  8  9 |
---------------+----------------------------+-----
Maces & Flails | 3 4 5 6 7 8 |  8.2
Armour         | 4 5 6 7 |  7.0
Shields        | 4 5 6 |  6.2
Fighting       | 4 5 6 |  6.2
Dodging        | 1 2 |  2.0
Throwing       | 2 |  2.1
Stealth        | |  0.2

Action                     |  1- 3 |  4- 6 |  7- 9 || total
---------------------------+-------+-------+-------++-------
  Melee: Flail             |   103 |   327 |   429 ||   859
  Throw: Dart              |       |       |    30 ||    30
 Invoke: Heroism           |       |       |     1 ||     1
 Armour: Scale mail        |   105 |   198 |       ||   303
         Chain mail        |       |   150 |   300 ||   450
         Plate armour      |       |       |   105 ||   105
  Dodge: Dodged            |    65 |   195 |   175 ||   435
  Block: Buckler           |    19 |    81 |   180 ||   280
         Reflection        |       |       |    20 ||    20
